 Dungeon Crawl Stone Soup version 0.30.1-4-g462c640d31 (webtiles) character file.

Game seed: 5922815090625208675

25873 Pooter the Severer (level 12, -19/166 HPs)
             Began as a Minotaur Berserker on Aug 9, 2023.
             Was an Elder of Trog.
             Demolished by a minotaur
             ... wielding a +1 battleaxe of venom
              (22 damage)
             ... in a Gauntlet on Aug 10, 2023.
             The game lasted 00:59:32 (14218 turns).

Pooter the Severer (Minotaur Berserker)            Turns: 14218, Time: 00:59:33

Health: -19/166    AC: 22    Str: 25    XL:     12   Next: 93%
Magic:  0/11       EV: 12    Int:  4    God:    Trog [****..]
Gold:   683        SH:  9    Dex: 12    Spells: 11/11 levels left

rFire   . . .        a - +4 war axe
rCold   . . .        r - +1 kite shield {rN+}
rNeg    + . .        m - +1 plate armour
rPois   .            F - +2 hat
rElec   .            W - +2 cloak
rCorr   .            T - +0 pair of gloves
SInv    .            J - +0 pair of boots
Will    ++...        G - amulet of guardian spirit Stlth
                     v - +5 ring of evasion
HPRegen 1.47/turn    A - +4 ring of slaying
MPRegen 0.12/turn

%: no teleportation, guardian spirit
@: berserking (expiring), lethally poisoned (-19 -> -35), strong-willed,
regenerating, very quick
A: horns 2, retaliatory headbutt
a: Renounce Religion, Berserk, Trog's Hand, Brothers in Arms


You were in a Gauntlet.
You worshipped Trog.
Trog was greatly pleased with you.
You visited 2 branches of the dungeon, and saw 14 of its levels.
You also visited: Sewer and Gauntlet.

You collected 683 gold pieces.

Inventory:

Hand Weapons
 a - a +4 war axe (weapon)
   (You found it on level 6 of the Dungeon)
 b - a +2 heavy hand crossbow
   (You acquired it on level 8 of the Dungeon)
 y - the +7 falchion "Ogivab" {elec, Fly rF- rCorr}
   (You found it on level 4 of the Dungeon)

   rF:        It makes you vulnerable to fire.
   Fly:       It grants you flight.
   rCorr:     It protects you from acid and corrosion.
 B - a +0 morningstar
   (You found it on level 4 of the Dungeon)
 N - a +0 trident
   (You took it off an orc on level 3 of the Dungeon)
Missiles
 x - 17 javelins (quivered)
 D - 7 boomerangs
 H - 20 poisoned darts
 K - 5 boomerangs of dispersal {!f}
 L - 2 throwing nets {!f}
 Q - 128 stones
 R - 7 curare-tipped darts
Armour
 m - a +1 plate armour (worn)
   (You found it on level 2 of the Dungeon)
 r - a +1 kite shield of positive energy (worn)
   (You took it off a tengu warrior on level 9 of the Dungeon)
 F - a +2 hat (worn)
   (You found it on level 1 of the Lair of Beasts)
 J - a +0 pair of boots (worn)
   (You found it on level 2 of the Lair of Beasts)
 T - a +0 pair of gloves (worn)
   (You found it on level 5 of the Dungeon)
 V - a scarf of invisibility
   (You found it on level 1 of the Lair of Beasts)
 W - a +2 cloak (worn)
   (You found it on level 7 of the Dungeon)
Jewellery
 v - a +5 ring of evasion (left hand)
   (You found it on level 8 of the Dungeon)
 A - a +4 ring of slaying (right hand)
   (You found it on level 4 of the Dungeon)
 G - an amulet of guardian spirit (around neck)
   (You found it in a Gauntlet)
 I - a ring of protection from cold
   (You found it on level 2 of the Dungeon)
 M - a +6 ring of dexterity
   (You found it on level 6 of the Dungeon)
 O - an amulet of reflection
   (You found it on level 7 of the Dungeon)
 P - a ring of poison resistance
   (You found it on level 1 of the Dungeon)
 S - a ring of see invisible
   (You found it in a Gauntlet)
Wands
 f - a wand of flame (31)
   (You found it on level 8 of the Dungeon)
 u - a wand of paralysis (2)
   (You found it on level 8 of the Dungeon)
Scrolls
 d - 5 scrolls of noise {!r}
 g - a scroll of immolation {!r}
 i - 3 scrolls of magic mapping
 n - a scroll of blinking
 q - a scroll of fog
 t - 8 scrolls of teleportation {@r4}
 E - a scroll of poison {!r}
 U - a scroll of fear
Potions
 c - 3 potions of attraction {unknown}
 e - a potion of cancellation {unknown}
 h - 3 potions of haste {unknown}
 j - 2 potions of magic {unknown}
 k - 2 potions of ambrosia {unknown}
 l - a potion of mutation {unknown}
 o - 4 potions of might
 p - 2 potions of degeneration {unknown}
 s - a potion of lignification {unknown}
 w - 7 potions of heal wounds {@q2}
 z - 8 potions of curing {@q1}
 C - 3 potions of flight {unknown}


   Skills:
 + Level 11.7 Fighting
 * Level 15.9 Axes
 * Level 14.2 Ranged Weapons
 + Level 8.3 Armour
 - Level 2.1 Dodging
 - Level 4.0 Shields


You had 11 spell levels left.
You didn't know any spells.
Your spell library was empty.

Dungeon Overview and Level Annotations

Branches:
Dungeon (10/15) Zot: 24972  Temple (0/1) D:6            Lair (4/5) D:8 Zot: 22604
  Swamp (0/4) Lair:2       Spider (0/4) Lair:2          Orc (0/2) D:10
  Sewer (visited)         Gauntlet (1/1) Zot: 5484
  Slime: Lair:4-5

Altars:
Cheibriados
Hepliaklqana
Nemelex Xobeh
Okawaru
Sif Muna
Uskayaw
Wu Jian

Shops:
D:6 =   D:10 [

Annotations:
Gauntlet 5 transporters


Innate Abilities, Weirdness & Mutations

You have a pair of horns on your head.
You reflexively headbutt those who attack you in melee.


Message History

The minotaur throws a javelin.
The javelin pierces through you!!
You throw a javelin. The javelin barely misses the minotaur.
The minotaur throws a javelin.
The javelin pierces through you.
Aiming: Paralyse
Press: ? - help, Shift-Dir - straight line, f/p - minotaur
Aim: a minotaur, wielding a +1 battleaxe of venom, wearing a +0 plate armour, wearing the ring of Saowael {MP-9 EV+5 Int+6 SInv} and quivering javelins (chance to affect: 1%)
Okay, then.
Unknown command.
Your skin crawls.
You feel strong-willed. Trog will no longer gift you weapons.
The minotaur throws a javelin.
The javelin pierces through you!!
A red film seems to cover your vision as you go berserk!
You feel yourself moving faster!
You feel mighty!
The minotaur throws a javelin.
The javelin pierces through you!
* * * LOW HITPOINT WARNING * * *
Found a dented cameo amulet.
Found a gate leading back out of this place.
You feel a strong urge to attack something.
The minotaur hits you with a +1 battleaxe of venom!!
* * * LOW HITPOINT WARNING * * *
You are poisoned.
The minotaur gores you!
* * * LOW MAGIC WARNING * * *
* * * LOW HITPOINT WARNING * * *
You slice the minotaur!!
You feel very sick.
The minotaur hits you with a +1 battleaxe of venom!!
* * * LOW MAGIC WARNING * * *
* * * LOW HITPOINT WARNING * * *
You are lethally poisoned!
The minotaur gores you.
* * * LOW MAGIC WARNING * * *
* * * LOW HITPOINT WARNING * * *
You hit the minotaur.
* * * LOW HITPOINT WARNING * * *
You feel very sick.
You slice the minotaur!!
* * * LOW HITPOINT WARNING * * *
You feel very sick. The minotaur closely misses you.
The minotaur barely misses you.
You hit the minotaur.
* * * LOW HITPOINT WARNING * * *
You feel very sick.
You slice the minotaur!!
* * * LOW HITPOINT WARNING * * *
You feel very sick.
The minotaur hits you with a +1 battleaxe of venom!!
* * * LOW MAGIC WARNING * * *
You die...

.. . ### ##. ..
#.. .# ###
#.##.#⌠(⌠#
#.#@H..∩.#
#...##⌠.⌠# #.###
## ### #.# #.#
#.###########.#
#.............#
#######.#########
...............≈#
..©.©.©.©.©.©..8#


You could see a minotaur.

Vanquished Creatures
  A quicksilver ooze (Gauntlet)
  A boulder beetle (D:9)
  6 two-headed ogres
  A centaur warrior (D:9)
  A tengu warrior (D:9)
  A manticore (D:9)
  6 elephants (Lair:1)
  3 black mambas
  A smoke demon (Gauntlet)
  A kobold demonologist (D:10)
  2 cane toads
  A rime drake (shapeshifter) (D:9)
  9 komodo dragons
  2 tengu conjurers (D:8)
  A red devil (Gauntlet)
  A hornet (D:9)
  2 polar bears (Lair:2)
  Prince Ribbit (D:8)
  A raiju (Gauntlet)
  A spriggan (Lair:1)
  A human (D:8)
  2 basilisks (Lair:1)
  3 hogs (D:8)
  29 yaks
  A basilisk (shapeshifter) (D:9)
  3 wyverns
  3 steam dragons
  2 swamp worms (Lair:2)
  2 water moccasins
  2 acid dragons (D:10)
  8 orc warriors
  2 sky beasts
  3 ogres (D:4)
  6 wolves
  4 centaurs
  A kobold brigand (D:7)
  5 bullfrogs
  3 scorpions
  12 killer bees
  A howler monkey (D:8)
  2 electric eels (Lair:2)
  2 crimson imps (Gauntlet)
  3 jellies
  A gnoll bouda (D:7)
  5 hounds
  6 orc priests
  2 iguanas (D:7)
  12 orc wizards
  A sleepcap (D:6)
  A mummy (D:4)
  7 gnolls (D:7)
  9 adders
  4 river rats (Sewer)
  3 shadow imps
  2 worms (D:3)
  3 dart slugs
  54 orcs
  6 endoplasms
  6 giant cockroaches
  5 goblins
  3 hobgoblins
  3 jackals (D:1)
  A quokka (D:2)
  8 ball pythons
  2 bats
  7 frilled lizards
  5 kobolds
  10 rats
309 creatures vanquished.

Notes
Turn   | Place    | Note
-------+----------+-------------------------------------------
     0 | D:1      | Pooter the Minotaur Berserker began the quest for the Orb.
     0 | D:1      | Reached XP level 1. HP: 19/19 MP: 0/0
   152 | D:1      | Reached skill level 1 in Ranged Weapons
   252 | D:1      | Reached XP level 2. HP: 27/27 MP: 1/1
   263 | D:1      | Reached skill level 4 in Axes
   805 | D:2      | Found a sparkling altar of Nemelex Xobeh.
   812 | D:2      | Reached XP level 3. HP: 29/33 MP: 2/2
  1281 | D:2      | Reached ** piety under Trog
  1554 | D:3      | Found a faded altar of an unknown god.
  1591 | D:3      | Found a shimmering blue altar of Sif Muna.
  1841 | D:3      | Reached XP level 4. HP: 40/40 MP: 3/3
  2554 | D:4      | Noticed an ogre
  2564 | D:4      | Reached skill level 5 in Axes
  2567 | D:4      | Killed an ogre
  2568 | D:4      | Reached XP level 5. HP: 47/47 MP: 4/4
  2636 | D:4      | Identified the +7 falchion "Ogivab" {elec, Fly rF- rCorr}
  2700 | D:4      | Noticed an ogre
  2706 | D:4      | Killed an ogre
  2707 | D:4      | Reached skill level 6 in Axes
  2707 | D:4      | Reached XP level 6. HP: 23/55 MP: 5/5
  2888 | D:4      | Found a snail-covered altar of Cheibriados.
  2896 | D:4      | Reached skill level 5 in Fighting
  3237 | D:5      | Entered Level 5 of the Dungeon
  3529 | D:5      | Reached skill level 5 in Ranged Weapons
  3529 | D:5      | Reached XP level 7. HP: 51/61 MP: 6/6
  3530 | D:5      | Found a glowing drain.
  3539 | Sewer    | Entered a sewer
  3670 | Sewer    | Reached skill level 7 in Axes
  3732 | Sewer    | Reached *** piety under Trog
  5211 | D:6      | Found Adi Odod's Jewellery Emporium.
  5382 | D:6      | Found a staircase to the Ecumenical Temple.
  5396 | D:6      | You fall into a shaft and drop 1 floor!
  5416 | D:7      | Reached XP level 8. HP: 70/70 MP: 7/7
  5425 | D:7      | Reached skill level 8 in Axes
  5738 | D:6      | Found a hazy altar of Hepliaklqana.
  6231 | D:7      | Reached skill level 9 in Axes
  6335 | D:7      | Found an iron altar of Okawaru.
  6529 | D:7      | Noticed a +0 hand axe
  6530 | D:7      | Noticed a +0 hand axe
  6534 | D:7      | Found a hide-covered altar of Uskayaw.
  6590 | D:7      | Reached XP level 9. HP: 70/79 MP: 8/8
  6739 | D:8      | Reached **** piety under Trog
  6781 | D:8      | Identified a scroll of acquirement
  6781 | D:8      | Acquired a +1 heavy hand crossbow
  6813 | D:8      | Noticed a two-headed ogre
  6818 | D:8      | Killed a two-headed ogre
  6819 | D:8      | Reached skill level 10 in Axes
  6819 | D:8      | Reached skill level 1 in Shields
  7663 | D:8      | Noticed a tengu conjurer
  7663 | D:8      | Noticed a tengu conjurer
  7675 | D:8      | Killed a tengu conjurer
  7678 | D:8      | Killed a tengu conjurer
  7679 | D:8      | Reached skill level 11 in Axes
  7689 | D:8      | Noticed Prince Ribbit
  7704 | D:8      | Killed Prince Ribbit
  7724 | D:8      | Found a staircase to the Lair.
  7736 | D:8      | Identified the +1 ring mail "Foavuif" {Harm Will+ Int-2}
  8316 | D:8      | Reached XP level 10. HP: 89/89 MP: 9/9
  8324 | D:8      | Reached skill level 10 in Ranged Weapons
  8684 | D:9      | Noticed a two-headed ogre
  8689 | D:9      | Killed a two-headed ogre
  8881 | D:9      | Identified the +2 scale mail of Knowledge {rF+ MP+9}
  9137 | D:9      | Noticed a two-headed ogre
  9140 | D:9      | Killed a two-headed ogre
  9141 | D:9      | Reached skill level 12 in Axes
  9932 | D:9      | Noticed a centaur warrior
  9943 | D:9      | Noticed a boulder beetle
  9951 | D:9      | Killed a centaur warrior
 10076 | D:9      | Killed a boulder beetle
 10077 | D:9      | Reached XP level 11. HP: 72/97 MP: 10/10
 10355 | D:10     | Entered Level 10 of the Dungeon
 10423 | D:10     | Found Osoph's Armour Emporium.
 10449 | D:10     | Noticed a two-headed ogre
 10452 | D:10     | Killed a two-headed ogre
 10453 | D:10     | Reached skill level 13 in Axes
 10462 | D:10     | Reached skill level 5 in Armour
 10921 | D:10     | HP: 4/99 [acid dragon/splash of acid (22)]
 11231 | D:10     | Reached skill level 10 in Fighting
 11338 | D:10     | Found an ornate altar of the Wu Jian Council.
 11375 | D:10     | Noticed a two-headed ogre
 11381 | D:10     | Killed a two-headed ogre
 11620 | D:9      | Noticed a tengu warrior
 11630 | D:9      | Killed a tengu warrior
 11631 | D:9      | Reached skill level 14 in Axes
 11861 | D:10     | Noticed a two-headed ogre
 11868 | D:10     | Killed a two-headed ogre
 12154 | D:10     | Found a staircase to the Orcish Mines.
 12313 | Lair:1   | Entered Level 1 of the Lair of Beasts
 12367 | Lair:1   | Reached ***** piety under Trog
 12627 | Lair:1   | Reached XP level 12. HP: 108/108 MP: 11/11
 12811 | Lair:1   | Reached skill level 15 in Axes
 13447 | Lair:2   | You fall into a shaft and drop 2 floors!
 13507 | Lair:2   | Upgraded the game from 0.30.1-3-gfc49f6343a to
                  | 0.30.1-4-g462c640d31
 13654 | Lair:2   | Noticed a five-headed hydra
 13697 | Lair:2   | Found a gate leading to a gauntlet.
 13707 | Gauntlet | Entered a Gauntlet
 13707 | Gauntlet | Found a transporter.
 13773 | Gauntlet | Found a transporter.
 13917 | Gauntlet | Found a transporter.
 13921 | Gauntlet | Found a transporter.
 13923 | Gauntlet | Found a transporter.
 13927 | Gauntlet | Found a transporter.
 13967 | Gauntlet | Found a transporter.
 13987 | Gauntlet | Found a transporter.
 14003 | Gauntlet | Noticed an eight-headed hydra
 14007 | Gauntlet | Noticed a quicksilver ooze
 14085 | Gauntlet | Found a transporter.
 14096 | Gauntlet | Killed a quicksilver ooze
 14183 | Gauntlet | Found a transporter.
 14185 | Gauntlet | Found a transporter.
 14207 | Gauntlet | Identified the ring of Saowael {MP-9 EV+5 Int+6 SInv}
 14207 | Gauntlet | Noticed a minotaur
 14217 | Gauntlet | HP: 7/166 [poisoned by a minotaur]
 14218 | Gauntlet | HP: 3/166 [poisoned by a minotaur]
 14218 | Gauntlet | Demolished by a minotaur

Illustrated notes

Levels and vault maps discovered:
D:1:      dpeg_arrival_prison, layout_rooms, nicolae_figureground_pulse
D:2:      layout_basic, basic_altar
D:3:      layout_loops_corners, lemuel_round_altar, nicolae_ecumenical_pavilion,
          nicolae_elevator_lobby_plus
D:4:      cheibrodos_helix_gallery, layout_basic, slow_altar_2,
          chequers_mini_garden
D:5:      layout_layer_cave, portal_sewer_entry_d
D:6:      layout_basic, mainiacjoe_overflow_catwalk, minmay_temple_entry_arrows,
          serial_shops, shop
D:7:      layout_cave_pools, okawaru_altar_gauntlet_db, dancing_weapons_uskayaw
D:8:      layout_layer_cave, lair_entry_dummy, special_room [special_room_orc],
          grunt_livestock, minivault_10, uniq_prince_ribbit1
D:9:      minmay_diamond_stairs, layout_loops_corners
D:10:     minmay_skewed_foursquare, layout_basic, amcnicky_altar_gilded,
          minmay_orc_entry_temple_small, nicolae_take_the_stairs
Lair:1:   layout_long_grid, wad_woods_03, grunt_megastairs_5,
          infiniplex_staircase_pool_2
Lair:2:   layout_gridlike, palyth_hydra_swamp_entry, spider_nest_entry_rubble,
          gauntlet_entry_generic
Lair:3:   layout_loops_ring, minmay_holes, cheibrodos_lair_lostbears,
          lemuel_fruit_fields, lemuel_fruit_tree, serial_bayou_shore_a
Lair:4:   layout_long_grid
Gauntlet: gammafunk_gauntlet_one_two_three [gammafunk_gauntlet_arena_spirals,
          nicolae_gauntlet_arena_blocks, gammafunk_gauntlet_arena_open,
          gammafunk_gauntlet_arena_mazey, gammafunk_gauntlet_arena_hedges,
          nicolae_gauntlet_arena_x, nicolae_gauntlet_arena_grate_2,
          gammafunk_gauntlet_arena_split_x,
          minmay_gauntlet_arena_make_your_own_arena,
          dreamdust_gauntlet_exit_labyrinth]

Skill      XL: |  1  2  3  4  5  6  7  8  9 10 11 12 |
---------------+-------------------------------------+-----
Ranged Weapons | 1 2 3 4 5 6 8 9 11 12 14 | 14.2
Axes           | 4 5 6 7 9 11 12 14 15 | 15.9
Fighting       | 4 5 6 7 8 9 10 11 | 11.7
Shields        | 3 4 |  4.0
Armour         | 4 6 8 |  8.3
Dodging        | |  2.1

Action                     |  1- 3 |  4- 6 |  7- 9 | 10-12 || total
---------------------------+-------+-------+-------+-------++-------
  Melee: Hand axe          |    68 |    22 |       |       ||    90
         Headbutt          |     6 |    14 |    24 |    75 ||   119
         Trident           |       |    39 |   110 |       ||   149
         War axe           |       |       |    86 |   308 ||   394
         Punch             |       |       |     1 |       ||     1
   Fire: Sling             |       |    32 |     2 |       ||    34
         Arbalest          |       |       |    23 |       ||    23
         Hand crossbow     |       |       |    15 |    87 ||   102
  Throw: Stone             |       |     4 |       |       ||     4
         Javelin           |       |       |       |     5 ||     5
 Invoke: Berserk           |       |     2 |     5 |     6 ||    13
         Trog's Hand       |       |     1 |     5 |    11 ||    17
  Evoke: Wand              |       |       |     2 |     3 ||     5
    Use: Scroll            |     4 |     1 |    17 |     5 ||    27
 Armour: Animal skin       |     9 |       |       |       ||     9
         Plate armour      |    15 |    36 |   132 |   148 ||   331
  Dodge: Dodged            |    26 |    14 |    62 |    73 ||   175
  Block: Kite shield       |     8 |    19 |    66 |   244 ||   337
         Other             |       |       |    13 |       ||    13
         Reflection        |       |       |     5 |       ||     5
